 Dungeon Crawl Stone Soup version 0.31-a0-728-g01b46875f1 (webtiles) character file.

Game seed: 7473632176780447295

1995 cforsyth the Fighter (level 9, -12/63 HPs)
             Began as a Djinni Chaos Knight on Sept 11, 2023.
             Was a Follower of Hepliaklqana.
             Killed from afar by an acid dragon (27 damage)
             ... with a splash of acid
             ... on level 8 of the Dungeon.
             The game lasted 00:17:06 (9475 turns).

cforsyth the Fighter (Djinni Chaos Knight)          Turns: 9475, Time: 00:17:07

Health: -12/63     AC: 12    Str: 11    XL:     9   Next: 45%
Gold:   2009       EV: 10    Int: 19    God:    Hepliaklqana [*.....] SH:  4 Dex: 12

rFire   + + .        a - +1 falchion (chaos)
rCold   x . .        (no shield)
rNeg    . . .        p - quicksilver dragon scales
rPois   ∞            s - +0 helmet
rElec   .            (no cloak)
rCorr   .            (no gloves)
SInv    +            (boots unavailable)
Will    +....        z - amulet of the acrobat
Stlth   +            m - ring of wizardry
HPRegen 0.30/turn    t - ring of see invisible
MPRegen 0.00/turn

%: acrobat, wizardry (x1), infuse magic (-13 HP)
@: flying
A: reduced essence, sickness immunity, fire resistance 2, cold vulnerability 1,
float, innate caster, HP casting, extra vitality 1, iridescent scales 1, large
bone plates 1, screaming 1
a: Renounce Religion, Recall Ancestor, Ancestor Identity


You were on level 8 of the Dungeon.
You worshipped Hepliaklqana.
Hepliaklqana was aware of your devotion.
You visited 2 branches of the dungeon, and saw 9 of its levels.
You also visited: Bailey.

You collected 2009 gold pieces.

Inventory:

Hand Weapons
 a - a +1 falchion of chaos (weapon)
 B - a +4 hand axe
Armour
 b - a +2 leather armour
 h - a +1 ring mail of willpower
 p - quicksilver dragon scales (worn)
 s - a +0 helmet (worn)
Jewellery
 i - a +6 ring of strength
 k - a ring of resist corrosion
 m - a ring of wizardry (left hand)
 q - a +5 ring of evasion
 t - a ring of see invisible (right hand)
 x - a +6 ring of dexterity
 z - an amulet of the acrobat (around neck)
Wands
 y - a wand of polymorph (12)
Scrolls
 c - a scroll of amnesia {unknown}
 d - a scroll of poison {unknown}
 g - 2 scrolls of revelation
 j - 2 scrolls of torment
 r - 2 scrolls of fear {unknown}
 v - a scroll of noise {unknown}
 C - 5 scrolls of fog {unknown}
 D - a scroll of summoning {unknown}
 F - a scroll of teleportation
Potions
 e - 2 potions of ambrosia {unknown}
 f - 3 potions of curing
 l - 2 potions of brilliance
 n - 2 potions of mutation
 o - 2 potions of might {unknown}
 u - a potion of berserk rage {unknown}
 A - a potion of degeneration {unknown}
 E - a potion of haste {unknown}
 G - a potion of resistance {unknown}


   Skills:
 + Level 8.9 Fighting
 - Level 2.6 Long Blades
 - Level 1.0 Armour
 - Level 2.1 Dodging
 + Level 6.0 Spellcasting
 + Level 6.0 Conjurations
 + Level 6.0 Hexes
 + Level 6.0 Summonings
 + Level 6.0 Necromancy
 + Level 6.0 Translocations
 + Level 6.0 Transmutations
 + Level 6.0 Fire Magic
 + Level 6.0 Ice Magic
 + Level 6.0 Air Magic
 + Level 6.0 Earth Magic
 + Level 6.0 Poison Magic


You knew the following spells:

 Your Spells              Type           Power      Damage    Failure   Level
a - Sandblast             Erth           56%        2d13      1%          1
b - Momentum Strike       Conj/Tloc      56%        3d9       1%          2
c - Gell's Gravitas       Tloc           28%        N/A       2%          3
d - Confusing Touch       Hex            28%        N/A       2%          3
Your spell library was empty.

Dungeon Overview and Level Annotations

Branches:
Dungeon (8/15)             Temple (1/1) D:6            Lair (0/5) D:8
 Bailey (visited)

Altars:
Ashenzari
Dithmenos
Elyvilon
Fedhas
Gozag
Hepliaklqana
Makhleb
Nemelex Xobeh
Okawaru
Qazlal
Trog
Uskayaw
Wu Jian
Xom
Yredelemnul
Zin
The Shining One

Shops:
D:2 !

Annotations:
D:6 Jeremiah


Innate Abilities, Weirdness & Mutations

Your life essence is reduced to manifest your ancestor. (-10% HP)
You are immune to sickness and miasma.
You are immune to poison.
Your flesh is very heat resistant. (rF++)
You are vulnerable to cold. (rC-)
You float through the air rather than walking.
You learn spells naturally, not from books.
Your magical power is your life essence.
You have superior vitality. (+4 MHP)
You are partially covered in iridescent scales. (AC +2)
You are partially covered in large bone plates. (SH +4)
You occasionally shout uncontrollably at your foes.


Message History

Press: ? - help, Shift-Dir - straight line, f - gnoll sergeant
Aim: a gnoll sergeant, wielding a +0 spear and wearing a +0 scale mail (chance to affect: 49%)
The gnoll sergeant resists with some effort.
Aiming: Charm
Press: ? - help, Shift-Dir - straight line, f/p - gnoll sergeant
Aim: a gnoll sergeant, wielding a +0 spear and wearing a +0 scale mail (chance to affect: 49%)
The gnoll sergeant resists with some effort.
The gnoll sergeant hits you from afar with a +0 spear!
* * * LOW HITPOINT WARNING * * *
Aiming: Charm
Press: ? - help, Shift-Dir - straight line, f/p - gnoll sergeant
Aim: a gnoll sergeant, wielding a +0 spear and wearing a +0 scale mail (chance to affect: 49%)
The gnoll sergeant resists with some effort.
The gnoll sergeant hits you from afar with a +0 spear.
* * * LOW HITPOINT WARNING * * *
Aiming: Charm
Press: ? - help, Shift-Dir - straight line, f/p - gnoll sergeant
Aim: a gnoll sergeant, wielding a +0 spear and wearing a +0 scale mail (chance to affect: 49%)
Okay, then.
Unknown command.
The gnoll sergeant misses you. The orc completely misses you.
The gnoll sergeant completely misses you.
The orc attacks as it pursues you! The orc completely misses you.
Aiming: Charm
Press: ? - help, Shift-Dir - straight line, f/p - gnoll sergeant
Aim: a gnoll sergeant, wielding a +0 spear and wearing a +0 scale mail (chance to affect: 49%)
The gnoll sergeant resists with some effort.
The now-empty wand crumbles to dust.
The gnoll sergeant hits you from afar with a +0 spear.
* * * LOW HITPOINT WARNING * * *
The orc hits you but does no damage.
Aiming: Polymorph
Press: ? - help, Shift-Dir - straight line, f/p - gnoll sergeant
Aim: a gnoll sergeant, wielding a +0 spear and wearing a +0 scale mail (will become an acid dragon, a fire bat, or a worm, chance to affect: 49%)
The gnoll sergeant evaporates and reforms as an acid dragon!
A bullfrog comes into view.
The orc hits you but does no damage. The acid dragon spits acid at you.
The splash of acid hits you!!
You die...

#######
####.....#
..#.....#
..'.....#
#.....#
#@....#+#####
#o...........
#..D....F....
#########'###
.. .


You could see an acid dragon (catching breath), a bullfrog (wandering) and an
orc.

Vanquished Creatures
  Sigmund (D:3)
  2 water moccasins
  3 orc warriors (Bailey)
  2 black bears
  2 bullfrogs
  2 scorpions
  4 orc priests
  A gnoll bouda (D:6)
  3 hounds
  2 iguanas (D:5)
  Terence (D:3)
  3 orc wizards
  8 gnolls
  5 adders
  A shadow imp (D:7)
  A white imp (D:7)
  3 ufetubi
  A dart slug (D:2)
  22 orcs
  4 ball pythons
  4 bats
  3 endoplasms
  10 giant cockroaches
  13 goblins
  8 hobgoblins
  3 jackals (D:2)
  3 quokkas
  6 frilled lizards
  10 kobolds
  8 rats
  A spectral orc (D:4)
140 creatures vanquished.

Vanquished Creatures (collateral kills)
  A centaur (D:8)
  A killer bee (D:8)
  4 gnolls (D:6)
  2 orcs
8 creatures vanquished.

Vanquished Creatures (others)
  A wizard (D:5)
  An orc wizard (D:7)
  An ancestor (D:8)
3 creatures vanquished.

Grand Total: 151 creatures vanquished

Notes
Turn   | Place    | Note
-------+----------+-------------------------------------------
     0 | D:1      | cforsyth the Djinni Chaos Knight began the quest for the
                  | Orb.
     0 | D:1      | Reached XP level 1. HP: 20/20 MP: 0/0
    81 | D:1      | XOM: cloud trail
   212 | D:1      | Reached XP level 2. HP: 20/25 MP: 0/0
   217 | D:1      | XOM: silly message
   506 | D:1      | Reached skill level 1 in Spellcasting
   506 | D:1      | Reached skill level 1 in Conjurations
   506 | D:1      | Reached skill level 1 in Hexes
   506 | D:1      | Reached skill level 1 in Summonings
   506 | D:1      | Reached skill level 1 in Necromancy
   506 | D:1      | Reached skill level 1 in Translocations
   506 | D:1      | Reached skill level 1 in Transmutations
   506 | D:1      | Reached skill level 1 in Fire Magic
   506 | D:1      | Reached skill level 1 in Ice Magic
   506 | D:1      | Reached skill level 1 in Air Magic
   506 | D:1      | Reached skill level 1 in Earth Magic
   506 | D:1      | Reached skill level 1 in Poison Magic
   530 | D:1      | Reached XP level 3. HP: 27/30 MP: 0/0
   530 | D:1      | Learned a level 1 spell: Sandblast
   818 | D:1      | XOM: silly message
   947 | D:2      | Found Uphanie's Distillery.
  1117 | D:2      | XOM: silly message
  1287 | D:2      | Reached XP level 4. HP: 33/37 MP: 0/0
  1466 | D:2      | Reached skill level 4 in Fighting
  1513 | D:3      | Found a faded altar of an unknown god.
  1541 | D:3      | XOM: snakes to sticks
  1554 | D:3      | Noticed a black bear
  1557 | D:3      | Noticed Terence
  1563 | D:3      | XOM: noise
  1569 | D:3      | XOM: smoke on damage
  1570 | D:3      | Killed a black bear
  1571 | D:3      | Reached XP level 5. HP: 7/42 MP: 0/0
  1571 | D:3      | Learned a level 2 spell: Momentum Strike
  1577 | D:3      | XOM: potion effect (haste)
  1731 | D:3      | Killed Terence
  1970 | D:3      | Reached XP level 6. HP: 48/49 MP: 0/0
  2162 | D:3      | Noticed Sigmund
  2166 | D:3      | XOM: potion effect (curing)
  2171 | D:3      | Killed Sigmund
  2172 | D:3      | Reached skill level 5 in Fighting
  2300 | D:4      | Reached XP level 7. HP: 44/54 MP: 0/0
  2300 | D:4      | Learned a level 3 spell: Gell's Gravitas
  2356 | D:4      | XOM: silly message
  2483 | D:4      | Reached skill level 6 in Fighting
  2734 | D:4      | Found an opulent altar of Gozag.
  2901 | D:4      | XOM: silly message
  2924 | D:4      | Found a basalt altar of Yredelemnul.
  3156 | D:5      | Entered Level 5 of the Dungeon
  3389 | D:5      | Noticed a water moccasin
  3451 | D:6      | XOM: cloud trail
  3476 | D:6      | XOM: potion effect (might)
  3483 | D:6      | Reached XP level 8. HP: 62/62 MP: 0/0
  3491 | D:6      | XOM: god gift: 887 gold pieces
  3504 | D:6      | XOM: god gift: 16 gold pieces
  3516 | D:6      | Found a staircase to the Ecumenical Temple.
  3548 | Temple   | Entered the Ecumenical Temple
  3559 | Temple   | Fell from the grace of Xom
  3559 | Temple   | Became a worshipper of Hepliaklqana the Forgotten
  3597 | D:6      | Noticed Jeremiah
  4162 | D:5      | Reached skill level 7 in Fighting
  4197 | D:5      | XOM: summons 6 hostile demons
  4198 | D:5      | Noticed a sixfirhy
  4331 | D:5      | XOM: blink monster(s)
  4359 | D:5      | XOM: summons 1 hostile demon
  4897 | D:5      | Found a blossoming altar of Fedhas.
  4918 | D:5      | XOM: scenery: 2 doors close
  4947 | D:5      | Found a bloodstained altar of Trog.
  4949 | D:5      | Noticed a wizard
  4953 | D:5      | Killed a wizard
  5088 | D:5      | XOM: give mutations
  5088 | D:5      | Gained mutation: Your spells are a little harder to cast,
                  | but a little more powerful. [Xom's mischief]
  5088 | D:5      | Gained mutation: You are frail. (-10% HP) [Xom's mischief]
  5088 | D:5      | Lost mutation: You are frail. (-10% HP) [Xom's mischief]
  5235 | D:6      | HP: 3/64 [Jeremiah/+3 trident of draining (11)]
  5782 | D:5      | XOM: scenery: create altars
  6504 | D:6      | Lost mutation: Your spells are a little harder to cast, but
                  | a little more powerful. [potion of mutation]
  6504 | D:6      | Gained mutation: You are partially covered in iridescent
                  | scales. (AC +2) [potion of mutation]
  6504 | D:6      | Gained mutation: You occasionally shout uncontrollably at
                  | your foes. [potion of mutation]
  6504 | D:6      | Gained mutation: You are partially covered in large bone
                  | plates. (SH +4) [potion of mutation]
  6516 | D:6      | Reached skill level 5 in Spellcasting
  6516 | D:6      | Reached skill level 5 in Conjurations
  6516 | D:6      | Reached skill level 5 in Hexes
  6516 | D:6      | Reached skill level 5 in Summonings
  6516 | D:6      | Reached skill level 5 in Necromancy
  6516 | D:6      | Reached skill level 5 in Translocations
  6516 | D:6      | Reached skill level 5 in Transmutations
  6516 | D:6      | Reached skill level 5 in Fire Magic
  6516 | D:6      | Reached skill level 5 in Ice Magic
  6516 | D:6      | Reached skill level 5 in Air Magic
  6516 | D:6      | Reached skill level 5 in Earth Magic
  6516 | D:6      | Reached skill level 5 in Poison Magic
  6902 | D:6      | HP: 2/64 [Jeremiah/divine providence (12)]
  7437 | D:7      | Found a flagged portal.
  7502 | Bailey   | Entered a bailey
  7572 | Bailey   | Noticed an orc warlord
  7605 | Bailey   | Reached skill level 8 in Fighting
  7605 | Bailey   | Reached XP level 9. HP: 44/70 MP: 0/0
  7605 | Bailey   | Learned a level 3 spell: Confusing Touch
  7710 | Bailey   | Found a runed translucent gate.
  7713 | Bailey   | Found a runed translucent gate.
  7715 | Bailey   | Found a runed translucent gate.
  8357 | Bailey   | XOM: summons 8 hostile demons
  8466 | D:7      | Acquired 738 gold pieces
  8499 | D:7      | Found a white marble altar of Elyvilon.
  8559 | D:7      | Found a shimmering altar of Xom.
  8561 | D:7      | Found a shimmering altar of Xom.
  8563 | D:7      | Found a shimmering altar of Xom.
  9127 | D:7      | Noticed an unseen horror
  9338 | D:8      | Reached * piety under Hepliaklqana
  9407 | D:8      | Found a staircase to the Lair.
  9475 | D:8      | Killed from afar by an acid dragon

Illustrated notes

Levels and vault maps discovered:
D:1:      minmay_arrival_wavy_path, layout_loops_ring, chequers_mini_garden,
          chequers_serial_rivers_large_a, minivault_23
D:2:      layout_rooms, serial_shops, shop, minmay_misc_feat_x
D:3:      layout_loops_ring, dreamdust_ecumenical_altar_statues, uniq_terence,
          uniq_sigmund
D:4:      layout_basic, grunt_gozag_breadcrumbs,
          yredelemnul_forgotten_temple_becter,
          mainiacjoe_overflow_small_starburst
D:5:      layout_loops_ring, mainiacjoe_overflow_alcove_4, trog_wizard,
          serial_rivers, chequers_serial_rivers_room_b,
          chequers_serial_rivers_small_a, chequers_serial_rivers_small_b,
          chequers_serial_rivers_large_b, chequers_serial_rivers_small_3,
          chequers_serial_rivers_room_b
D:6:      layout_loops_cross, minmay_temple_entry_ruins, minmay_misc_feat_cross,
          lightli_orcish_oven, uniq_jeremiah
D:7:      layout_loops_ring, xom_shifter_show, elyvilon_altar_4, enter_bailey_5
D:8:      layout_gridville, dpeg_oklobed_lair, dreamdust_mushroom_princess,
          nicolae_lava_and_water, minivault_10, hangedman_minor_gate_pass
Temple:   cyrus_circular_temple

Skill      XL: |  1  2  3  4  5  6  7  8  9 |
---------------+----------------------------+-----
Spellcasting   | 1 2 3 4 5 6 |  6.0
Conjurations   | 1 2 3 4 5 6 |  6.0
Hexes          | 1 2 3 4 5 6 |  6.0
Summonings     | 1 2 3 4 5 6 |  6.0
Necromancy     | 1 2 3 4 5 6 |  6.0
Translocations | 1 2 3 4 5 6 |  6.0
Transmutations | 1 2 3 4 5 6 |  6.0
Fire Magic     | 1 2 3 4 5 6 |  6.0
Ice Magic      | 1 2 3 4 5 6 |  6.0
Air Magic      | 1 2 3 4 5 6 |  6.0
Earth Magic    | 1 2 3 4 5 6 |  6.0
Poison Magic   | 1 2 3 4 5 6 |  6.0
Fighting       | 4 5 6 8 |  8.9
Long Blades    | |  2.6
Armour         | |  1.0
Dodging        | |  2.1

Action                     |  1- 3 |  4- 6 |  7- 9 || total
---------------------------+-------+-------+-------++-------
  Melee: Falchion          |    68 |    28 |   250 ||   346
         Punch             |     1 |       |     6 ||     7
   Cast: Sandblast         |    27 |    38 |    96 ||   161
         Momentum Strike   |       |     1 |     8 ||     9
         Gell's Gravitas   |       |       |    20 ||    20
  Evoke: Wand              |       |       |     9 ||     9
    Use: Potion            |       |     1 |     4 ||     5
         Scroll            |       |     1 |    10 ||    11
   Stab: Confused          |       |     1 |       ||     1
         Paralysed         |       |       |     1 ||     1
 Armour: Leather armour    |     8 |       |       ||     8
         Ring mail         |    61 |    48 |   104 ||   213
         Quicksilver drago |       |       |   196 ||   196
         Skin              |       |       |    14 ||    14
  Dodge: Dodged            |    54 |    37 |   234 ||   325
  Block: Other             |       |       |    43 ||    43

Table legend: (Time is in decaauts)
 A = Elapsed time spent in this place.
 B = Non-inter-level travel time spent in this place.
 C = Inter-level travel time spent in this place.
 D = Time resting spent in this place.
 E = Time spent auto-exploring this place.
 F = Levels seen in this place.
 G = Mean time per level.
                   A        B        C        D        E       F      G
               +--------+--------+--------+--------+--------+-----+--------+
         Total |   9603 |   9396 |    207 |   3066 |   4510 |  10 |  960.3 |
       Dungeon |   8698 |   8502 |    196 |   2761 |   4196 |   8 | 1087.2 |
        Temple |     22 |     11 |     11 |      0 |      0 |   1 |   22.0 |
        Bailey |    882 |    882 |      0 |    305 |    314 |   1 |  882.0 |
               +--------+--------+--------+--------+--------+-----+--------+

Top non-repeatable levels by time:
     D:5: 3417 daAuts
     D:7: 1001 daAuts
     D:6: 928 daAuts
     D:1: 910 daAuts
  Bailey: 882 daAuts
     D:4: 880 daAuts
     D:2: 730 daAuts
     D:3: 678 daAuts
     D:8: 150 daAuts
  Temple: 22 daAuts
